 Dungeon Crawl Stone Soup version 0.17.1-2-g5865329 (webtiles) character file.

819 inmateoo the Conjurer (level 7, -3/41 HPs)
             Began as an Octopode Conjurer on Feb 11, 2016.
             Slain by an iguana (14 damage)
             ... on level 4 of the Dungeon.
             The game lasted 00:10:21 (5039 turns).

inmateoo the Conjurer (Octopode Conjurer)           Turns: 5039, Time: 00:10:22

Health: -3/41      AC:  1    Str:  7      XL:     7   Next: 95%
Magic:  0/12       EV: 13    Int: 19      God:
Gold:   235        SH:  0    Dex: 12 (13) Spells: 4 memorised, 2 levels left

rFire  . . .     SeeInvis +     m - +1 spear (pierce)
rCold  . . .     Clarity  .     (no shield)
rNeg   . . .     SustAt   .     (helmet restricted)
rPois  .         Gourm    .     (no amulet)
rElec  .         Spirit   .     e - ring of see invisible
rCorr  .         Warding  .     (no ring)
rMut   .         Stasis   .     (no ring)
MR     .....                    (no ring)
Stlth  ++++......               (no ring)
                                (no ring)
                                (no ring)
                                (no ring)

@: not resistant to hostile enchantments, stealthy
A: almost no armour, amphibious, 8 rings, constrict 8, camouflage 1, gelatinous
body 1
a: no special abilities


You were on level 4 of the Dungeon.
You were not hungry.

You visited 1 branch of the dungeon, and saw 4 of its levels.
You also visited: Sewer.

You collected 235 gold pieces.

Inventory:

Hand Weapons
 m - a +1 spear of piercing (weapon)
 o - a +0 blowgun
Missiles
 c - 18 poisoned needles
Armour
 l - a +0 buckler
Jewellery
 e - a ring of see invisible (left tentacle)
 x - an uncursed ring of fire
Wands
 y - a wand of slowing (18)
Scrolls
 d - a scroll of enchant weapon {unknown}
 g - 2 scrolls of noise {unknown}
 h - a scroll of fog {unknown}
 j - a scroll of immolation {unknown}
 k - 2 scrolls of magic mapping {unknown}
 n - 5 scrolls of identify {unknown}
 q - a scroll of teleportation {unknown}
 r - 2 scrolls of blinking {unknown}
 s - a scroll of random uselessness {unknown}
 u - a scroll of amnesia {unknown}
 v - a scroll of recharging {unknown}
 z - a scroll of enchant armour {unknown}
Potions
 f - 2 potions of flight {unknown}
 i - 3 potions of curing
 p - a potion of brilliance {unknown}
 t - 2 potions of heal wounds {unknown}
 w - a potion of might {unknown}
 A - a potion of berserk rage {unknown}
Books
 a - a book of Conjurations

   Spells                             Type                      Level
   a - Magic Dart                     Conjuration                  1
   b - Searing Ray                    Conjuration                  2
   c - Dazzling Spray                 Conjuration/Hexes            3
   d - Fulminant Prism                Conjuration/Hexes            4
   e - Iskenderun's Mystic Blast      Conjuration                  4
   f - Iskenderun's Battlesphere      Conjuration/Charms           5
Comestibles
 b - a bread ration


   Skills:
 + Level 4.2 Dodging
 + Level 5.9 Stealth
 + Level 3.8 Spellcasting
 * Level 6.8 Conjurations
 + Level 1.0 Charms


You had 2 spell levels left.
You knew the following spells:

 Your Spells              Type           Power        Failure   Level  Hunger
a - Magic Dart            Conj           ####         1%          1    None
b - Searing Ray           Conj           ####..       1%          2    ##.....
c - Dazzling Spray        Conj/Hex       ###.....     12%         3    ###....
d - Iskenderun's Battles  Conj/Chrm      ###.....     85%         5    ######.


Dungeon Overview and Level Annotations

Branches:
Dungeon (4/15)
 Temple: D:4-7

Altars:
Trog
Xom
The Shining One


Innate Abilities, Weirdness & Mutations

You cannot wear most types of armour.
You are amphibious.
You can wear up to eight rings at the same time.
You can use your tentacles to constrict eight enemies at once.
Your skin changes colour to match your surroundings (Stealth).
Your rubbery body absorbs attacks (AC +1).


Message History

The iguana is moderately wounded.
You constrict the iguana. The iguana misses you.
Casting: Magic Dart
Confirm with . or Enter, or press ? or * to list all spells.
Aiming: Magic Dart
Press: ? - help, Shift-Dir - straight line, f/p - iguana
Aim: an iguana (moderately wounded, constricted by you)
The magic dart hits the iguana.
The iguana is heavily wounded.
You constrict the iguana. The iguana barely misses you.
Unknown command.
You hit the iguana but do no damage. You squeeze the iguana.
The iguana is severely wounded.
You constrict the iguana, but do no damage.
The iguana bites you!
* * * LOW HITPOINT WARNING * * *
You completely miss the iguana.
The iguana is severely wounded.
You constrict the iguana. The iguana bites you!
You die...

..######......##
#........#....##
....###........## .
###........
#...####.## #...#
...## ###..##
###....
###....###.).....
............@l.$)...
....##.....#####)...
... #.....# . .
#......# (...#.###
##.#.#.# #.#...# ..#


You could see an iguana.

Vanquished Creatures
  A kobold demonologist (Sewer)
  Grinder (Sewer)
  A big kobold (Sewer)
  A quasit (Sewer)
  Natasha (thrice) (D:3)
  An orc wizard (D:4)
  4 big kobold zombies (Sewer)
  6 adders
  A shadow imp (Sewer)
  2 ufetubi (Sewer)
  6 worms
  5 giant geckos
  5 orcs
  7 bats
  5 goblins
  8 hobgoblins
  22 kobolds
  2 quokkas
  A ball python (D:1)
  5 giant cockroaches
  3 giant newts (D:1)
  4 jackals (D:1)
  5 rats
99 creatures vanquished.

Vanquished Creatures (others)
  A big kobold zombie (Sewer)
  3 oozes (Sewer)
4 creatures vanquished.

Grand Total: 103 creatures vanquished

Notes
Turn   | Place    | Note
--------------------------------------------------------------
     0 | D:1      | inmateoo the Octopode Conjurer began the quest for the Orb.
     0 | D:1      | Reached XP level 1. HP: 11/11 MP: 3/3
   246 | D:1      | Reached XP level 2. HP: 13/17 MP: 0/5
   661 | D:1      | Reached XP level 3. HP: 11/21 MP: 0/6
  1068 | D:2      | Found a shimmering altar of Xom.
  1069 | D:2      | Found a glowing golden altar of the Shining One.
  1144 | D:2      | Noticed a moth of wrath
  1146 | D:2      | Found a bloodstained altar of Trog.
  1299 | D:2      | Learned a level 2 spell: Searing Ray
  1576 | D:2      | Reached XP level 4. HP: 25/27 MP: 7/7
  2431 | D:3      | Noticed Natasha
  2436 | D:3      | Killed Natasha
  2465 | D:3      | Found a glowing drain.
  2484 | D:3      | Reached XP level 5. HP: 24/31 MP: 9/9
  2492 | Sewer    | Entered a sewer
  2494 | Sewer    | Reached skill level 5 in Conjurations
  2504 | Sewer    | Learned a level 3 spell: Dazzling Spray
  2931 | Sewer    | Found a burning altar of Makhleb.
  3181 | Sewer    | Reached XP level 6. HP: 30/36 MP: 10/10
  3443 | Sewer    | Noticed Grinder
  3934 | Sewer    | Noticed an apprentice kobold demonologist
  3955 | Sewer    | Killed an apprentice kobold demonologist
  3955 | Sewer    | Reached skill level 5 in Stealth
  3955 | Sewer    | Reached skill level 6 in Conjurations
  3955 | Sewer    | Reached XP level 7. HP: 35/41 MP: 6/12
  4220 | Sewer    | Learned a level 5 spell: Iskenderun's Battlesphere
  4376 | Sewer    | Paralysed by Grinder for 5 turns
  4405 | Sewer    | Killed Grinder
  4724 | D:3      | Noticed Natasha
  4729 | D:3      | Killed Natasha
  4729 | D:3      | Reached skill level 1 in Charms
  4853 | D:3      | Noticed Natasha
  4856 | D:3      | Killed Natasha
  5039 | D:4      | Slain by an iguana

Action                   |  1- 3 |  4- 6 |  7- 9 || total
-------------------------+-------+-------+-------++-------
Melee: Unarmed           |    10 |       |       ||    10
       Spear             |    10 |   142 |    24 ||   176
 Fire: Blowgun           |       |       |    24 ||    24
 Cast: Magic Dart        |    61 |     4 |    30 ||    95
       Searing Ray       |     2 |     6 |     2 ||    10
       Dazzling Spray    |       |     4 |     2 ||     6
  Use: Potion            |       |     1 |       ||     1
 Stab: Sleeping          |       |     9 |     1 ||    10
       Distracted        |       |     2 |       ||     2
  Eat: Chunk             |     3 |     4 |       ||     7
       Fruit             |       |     2 |       ||     2
       Pizza             |       |     1 |       ||     1
       Meat ration       |       |       |     1 ||     1
